Map: Newkirk Precinct TE (Void)

Players

HEMORRHOIDS - Winner!

  • Race: Protoss Protoss
  • League: Diamond
  • Spawn Location: 5:00

hahahaha

  • Race: Zerg Zerg
  • League: Master
  • Spawn Location: 7:00

VOD

Have the link to the VOD?

Description

Time

  • Played on: March 19, 2017, 1:16 p.m.
  • Length: 9:45
Show
View Real Time Build Order
Export as new Build Order

HEMORRHOIDS Protoss - Winner!

Build Orders: Cannon Rush 

Get SALT Encoding   

  12  0:01  Probe (Chrono Boost)  
  13  0:11  Probe (Chrono Boost)  
  14  0:22  Probe (Chrono Boost)  
  14  0:25  Pylon  
  15  0:43  Probe (Chrono Boost)  
  15  0:44  Forge  
  16  0:54  Probe (Chrono Boost)  
  17  1:04  Probe (Chrono Boost)  
  17  1:10  Pylon  
  18  1:15  Probe (Chrono Boost)  
  19  1:29  Photon Cannon  
  19  1:30  Probe (Chrono Boost)  
  20  1:33  Assimilator  
  20  1:37  Assimilator  
  20  1:42  Probe (Chrono Boost)  
  21  1:49  Photon Cannon  
  21  1:51  Photon Cannon  
  21  1:52  Probe (Chrono Boost)  
  22  2:03  Probe (Chrono Boost)  
  23  2:13  Gateway  
  23  2:19  Photon Cannon  
  23  2:21  Probe (Chrono Boost)  
  24  2:27  Assimilator  
  24  2:39  Probe (Chrono Boost)  
  25  2:45  Pylon  
  25  2:49  Probe (Chrono Boost)  
  26  3:11  Nexus  
  26  3:20  Cybernetics Core  
  26  3:30  Pylon  
  26  3:57  Mothership Core (Chrono Boost)  
  26  3:58  Stargate  
  26  3:59  Stargate  
  28  4:04  Assimilator  
  28  4:08  Assimilator  
  28  4:14  Photon Cannon  
  28  4:24  Probe (Chrono Boost)  
  29  4:34  Probe (Chrono Boost)  
  30  4:43  Void Ray  
  30  4:45  Probe (Chrono Boost)  
  35  4:55  Probe (Chrono Boost)  
  36  5:05  Void Ray  
  36  5:06  Probe (Chrono Boost)  
  41  5:22  Pylon  
  41  5:27  Pylon  
  36  5:34  Void Ray  
  39  5:47  Photon Cannon  
  39  5:54  Void Ray  
  42  6:16  Void Ray  
  46  6:27  Pylon  
  46  6:40  Void Ray  
  50  6:50  Pylon  
  46  7:34  Void Ray  
  46  7:39  Void Ray  
  54  7:45  Forge  
  54  7:49  Pylon  
  54  7:54  Pylon  
  54  8:20  Void Ray  
  54  8:25  Void Ray  
Show
View Real Time Build Order
Export as new Build Order

hahahaha Zerg 

Build Orders: Hatch First, Roach Nydus 

Get SALT Encoding   

  12  0:08  Drone  
  13  0:19  Overlord  
  13  0:21  Drone  
  14  0:37  Drone x2  
  14  0:42  Drone  
  17  0:56  Hatchery  
  16  0:59  Drone  
  17  1:05  Extractor  
  17  1:08  Drone  
  17  1:21  Drone, Spawning Pool  
  17  1:36  Drone x2  
  19  1:47  Overlord  
  19  2:02  Drone  
  19  2:08  Queen  
  24  2:21  Zergling x2  
  23  2:31  Zergling x4  
  25  2:44  Roach Warren  
  24  2:54  Lair  
  24  2:55  Drone x2  
  26  3:01  Overlord  
  26  3:06  Extractor  
  25  3:21  Drone  
  25  3:22  Drone  
  25  3:25  Roach x3  
  33  3:33  Overlord  
  33  3:38  Roach  
  35  3:46  Roach  
  37  3:53  Overlord  
  37  3:58  Drone, Nydus Network  
  37  4:00  Queen  
  37  4:01  Roach x2  
  43  4:21  Roach x2  
  47  4:35  Overlord  
  47  4:36  Roach x2  
  51  4:43  Nydus Canal  
  51  4:45  Roach  
  53  4:51  Overlord  
  53  4:58  Queen  
  55  5:05  Roach  
  57  5:13  Roach x2  
  61  5:20  Roach x2  
  65  5:29  Roach  
  67  5:45  Roach  
  68  6:04  Queen  
  70  6:19  Spore Crawler  
  69  6:32  Nydus Network  
  68  6:43  Drone  
  68  6:44  Drone  
  68  6:45  Overlord x3  
  67  7:21  Drone, Hydralisk Den  
  67  7:23  Roach x4  
  73  7:46  Hatchery  
Tags
 
Add a new tag
Caveats
  • Supply blocks, unpowered buildings, or Contaminate may cause inaccurate times.
  • Supply counts are checked every 10 seconds.